cohdb
Replays
Latest Replays
All Replays
Popular Replays
Top Player Replays
Match Explorer
How It Works
Community
CoH3 Stats
Reddit
Sign in to upload your games and track your stats! →
Sign in with Steam
Match 43615011
Unlisted
Match 43615011
Overview
Messages
Build Orders
End
Vickers Machine Gun Team
Construct Section Command Post
Infantry Section
Infantry Section
Vickers Machine Gun Team
Construct Platoon Command Post
Unlock M3 Stuart Light Tanks
M3 Stuart Light Tank
Selects Indian Artillery Battlegroup
Selects Valour
M3 Stuart Light Tank
Selects Towed ML 4.2-inch Heavy Mortar
Towed ML 4.2-inch Heavy Mortar
Royal Engineer Section
^8Prof. Mcihael
Enemy Dave
JollyRedRockett
DookulDeen
[EC] tribecalledbrett
SaberNeir
Feldsalat
sepha
0
0
Comments
sign in to comment!
No comments posted yet!